 Dungeon Crawl Stone Soup version 0.29-a0-234-g0dae59b3db (webtiles) character file.

Game seed: 4479866291808884406

93 spaghetti the Covert (level 4, -9/31 HPs)
             Began as an Octopode Delver on Mar 3, 2022.
             Mangled by a gnoll
             ... wielding a +0 scythe
              (15 damage)
             ... on level 4 of the Dungeon.
             The game lasted 00:01:06 (145 turns).

spaghetti the Covert (Octopode Delver)               Turns: 145, Time: 00:01:07

Health: -9/31      AC:  1    Str: 11    XL:     4   Next: 61%
Magic:  4/4        EV: 13    Int: 12    God:
Gold:   0          SH:  0    Dex: 15    Spells: 3/3 levels left

rFire   . . .      SeeInvis .   a - +0 falchion {long}
rCold   . . .      Faith    .   (no shield)
rNeg    . . .      Spirit   .   (helmet restricted)
rPois   .          Reflect  .   (no amulet)
rElec   .          Harm     .   (no ring)
rCorr   .          Rampage  .   (no ring)
Will    .....                   (no ring)
Stlth   +++++.....              (no ring)
HPRegen 0.10/turn               (no ring)
MPRegen 0.09/turn               (no ring)
                                (no ring)
                                (no ring)

@: hasted, very quick
A: almost no armour, amphibious, 8 rings, camouflage 1, gelatinous body 1,
(nimble swimmer 1), tentacles
a: no special abilities


You were on level 4 of the Dungeon.
You visited 1 branch of the dungeon, and saw 2 of its levels.


Innate Abilities, Weirdness & Mutations

You cannot wear most types of armour.
You are amphibious.
You can wear up to eight rings at the same time.
Your skin changes colour to match your surroundings (Stealth+).
Your rubbery body absorbs attacks. (AC +1, EV +1)
((You are camouflaged when in or above water. (Stealth+)))
You have tentacles for arms and can constrict up to eight enemies at once.


   Skills:
 - Level 3.0 Fighting
 - Level 2.0 Long Blades
 - Level 2.0 Dodging
 + Level 9.1 Stealth


You had 3 spell levels left.
You didn't know any spells.
Your spell library was empty.

Inventory:

Hand Weapons
 a - a +0 falchion (weapon) {long}
Wands
 f - a wand of digging (3)
Scrolls
 c - a scroll of magic mapping {!r}

Dungeon Overview and Level Annotations

Branches:
Dungeon (5/15)
 Temple: D:4-7

Altars:
Cheibriados
Xom

.. ... .. ... .. ...
. . #.# ..#. #.#####
#####
.#..##.##._.###§§§##
.......#.....8§§@§§#
.......#..⌠...§g§§§#
.......##....§..§§##
.......>###....§###
..........###'###...
.....................
.....................
)....................
.....................


You could see a gnoll.


Message History

You now have 31 max hp (+10).
You regained 5 hp, and now have 23/31 hp.
Your mp is fully restored (4).
Unknown command.
Unknown command.
You feel sick. 😮 HP[-2]
You take 2 damage, and now have 21/31 hp.
You feel sick.
There is a stone staircase leading down here. 😮 HP[-1]
You take 1 damage, and now have 20/31 hp.
A gnoll and a hound come into view.
You feel sick. 😮 HP[-1]
You take 1 damage, and now have 19/31 hp.
You feel sick.
The gnoll shouts!
The hound bites the fungus.
The fungus begins to die. 😮 HP[-1]
You take 1 damage, and now have 18/31 hp.
You feel sick.
The hound barks!
A gnoll comes into view. It is wielding a +0 scythe. 😮 HP[-1]
You take 1 damage, and now have 17/31 hp.
You feel sick. 😮 HP[-1]
You take 1 damage, and now have 16/31 hp.
You feel sick.
You are no longer poisoned. 😨 HP[-1]
You take 1 damage, and now have 15/31 hp.
You open the door.
Found a snail-covered altar of Cheibriados.
Found a shimmering altar of Xom.
There is an open door here. 😮 HP[+1]
You close the door.
You start resting.
A gnoll opens the door.
It is wielding a +0 scythe.
Okay, then.
Okay, then.
Okay, then.
The hound bites you.
* * * LOW HITPOINT WARNING * * *
There is a fountain of clear blue water here. 😨 HP[-6]
You take 6 damage, and now have 10/31 hp.
As you read the scroll of fear, it crumbles to dust.
You assume a fearsome visage.
The gnoll looks frightened!
The hound looks frightened!
You close the door. 😨 HP[+1]
You feel yourself speed up.
A hound is nearby!
A hound is nearby!
Okay, then.
Cornered, the hound turns to fight!
There is a fountain of clear blue water here.
You aren't carrying any potions.
Okay, then.
The hound pauses to sniff the ground.
You closely miss the hound. You grab the hound. You constrict the hound.
The hound bites you.
* * * LOW HITPOINT WARNING * * *
The hound bites you.
* * * LOW HITPOINT WARNING * * *
😱 HP[-6]
You take 6 damage, and now have 5/31 hp.
Unknown command.
You hit the hound.
You constrict the hound, but do no damage.
The hound misses you.
You slash the hound!
You squeeze the hound, but do no damage.
You constrict the hound. The hound bites you.
* * * LOW HITPOINT WARNING * * *
😱 HP[-1]
You take 1 damage, and now have 4/31 hp.
You hit the hound.
You kill the hound!
Your Stealth skill increases to level 9! 😱 HP[+1]
You start resting.
A gnoll opens the door.
It is wielding a +0 scythe.
Okay, then.
You aren't carrying any potions.
As you read the scroll of fog, it crumbles to dust.
The scroll dissolves into smoke.
The gnoll moves out of view.
You start resting.
A gnoll is nearby! 😱 HP[+1]
You hit the gnoll. Your grab misses the gnoll. The gnoll closely misses you.
You hit the gnoll but do no damage. You grab the gnoll.
You constrict the gnoll. The gnoll closely misses you.
You slash the gnoll!
You constrict the gnoll, but do no damage.
The gnoll hits you with a +0 scythe!
You die...

Skill      XL: |  1  2  3  4 |
---------------+-------------+-----
Stealth        | 7 8 9 |  9.1
Fighting       | |  3.0
Long Blades    | |  2.0
Dodging        | |  2.0

Action                   |  1- 3 |  4- 6 || total
-------------------------+-------+-------++-------
Melee: Falchion          |    11 |     7 ||    18
       Constrict         |     3 |     2 ||     5
       Tentacles         |     2 |     1 ||     3
  Use: Potion            |     1 |     1 ||     2
       Scroll            |       |     2 ||     2
 Stab: Sleeping          |     1 |       ||     1
Dodge: Dodged            |    13 |     3 ||    16

Levels and vault maps discovered:
D:4:      layout_rooms, gammafunk_temple_overflow_pools, grunt_ministairs_7,
          corexii_hall_statues_s, chequers_serial_rivers_room_a, minivault_11,
          serial_bayou_pond_b, dreamdust_gnoll_farm
D:5:      layout_cave_pools, lemuel_crystal_altar, gammafunk_ghost_cemetery

Notes
Turn   | Place    | Note
-------+----------+-------------------------------------------
     0 | D:5      | spaghetti the Octopode Delver began the quest for the Orb.
     0 | D:5      | Reached XP level 1. HP: 16/16 MP: 1/1
     0 | D:5      | magus.rc [v1.9.6]
    64 | D:4      | Reached skill level 7 in Stealth
    64 | D:4      | Reached XP level 2. HP: 18/21 MP: 2/2
    83 | D:4      | Noticed a scorpion
    84 | D:4      | Noticed a wight
    89 | D:4      | Killed a scorpion
    90 | D:4      | Reached skill level 8 in Stealth
    90 | D:4      | Reached XP level 3. HP: 19/26 MP: 3/3
    90 | D:4      | Reached XP level 4. HP: 23/31 MP: 4/4
    97 | D:4      | Found a snail-covered altar of Cheibriados.
    98 | D:4      | Found a shimmering altar of Xom.
   117 | D:4      | HP: 5/31 [hound (3)]
   121 | D:4      | Reached skill level 9 in Stealth
   145 | D:4      | Mangled by a gnoll

Vanquished Creatures
  A scorpion (D:4)
  A hound (D:4)
  An adder (D:4)
  A goblin (D:4)
  A kobold (D:4)
5 creatures vanquished.

Vanquished Creatures (others)
  A fungus (D:4)
1 creature vanquished.

Grand Total: 6 creatures vanquished

Table legend:
 A = Non-vault XP
 B = Vault XP
 C = Vault XP percentage of total XP
 D = Non-vault monster count
 E = Vault monster count
 F = Vault count percentage of total count
                 A         B        C        D         E       F
            +---------+---------+-------+---------+---------+-------
      Total |      93 |      40 |  30.1 |       4 |       1 |  20.0
            +---------+---------+-------+---------+---------+-------
        D:4 |      93 |      40 |  30.1 |       4 |       1 |  20.0
            +---------+---------+-------+---------+---------+-------

Illustrated notes

Table legend:
 A = Kills in this place as a percentage of kills in entire the game.
 B = Kills by you in this place as a percentage of kills by you in the entire game.
 C = Kills by friends in this place as a percentage of kills by friends in the entire game.
 D = Other kills in this place as a percentage of other kills in the entire game.
 E = Experience gained in this place as a percentage of experience gained in the entire game.
 F = Experience gained in this place divided by the number of levels of this place that you have seen.
                   A       B       C       D       E      F
               +-------+-------+-------+-------+-------+----------------------
         Total | 100.0 | 100.0 |   N/A |   N/A | 100.0 |  66.5
       Dungeon | 100.0 | 100.0 |   N/A |   N/A | 100.0 |  66.5
               +-------+-------+-------+-------+-------+----------------------

Table legend: (Time is in decaauts)
 A = Elapsed time spent in this place.
 B = Non-inter-level travel time spent in this place.
 C = Inter-level travel time spent in this place.
 D = Time resting spent in this place.
 E = Time spent auto-exploring this place.
 F = Levels seen in this place.
 G = Mean time per level.
                   A        B        C        D        E       F      G
               +--------+--------+--------+--------+--------+-----+--------+
         Total |    136 |    127 |      9 |     15 |     39 |   2 |   68.0 |
       Dungeon |    136 |    127 |      9 |     15 |     39 |   2 |   68.0 |
               +--------+--------+--------+--------+--------+-----+--------+

Top non-repeatable levels by time:
     D:4: 121 daAuts
     D:5: 15 daAuts
